 Dungeon Crawl Stone Soup version 0.29.0-4-gdea44cf6ec (webtiles) character file.

Game seed: 3749972872843410685

62 qw the Chopper (level 3, -1/29 HPs)
             Began as a Demonspawn Cinder Acolyte on Sept 10, 2022.
             Was a High Priest of Ignis.
             Slain by an ogre
             ... wielding a +0 giant club
              (30 damage)
             ... on level 3 of the Dungeon.
             The game lasted 00:00:45 (2486 turns).

qw the Chopper (Demonspawn Cinder Acolyte)          Turns: 2486, Time: 00:00:46

Health: -1/29      AC:  4    Str: 16    XL:     3   Next: 85%
Magic:  4/4        EV: 11    Int: 15    God:    Ignis [*****.]
Gold:   132        SH:  5    Dex:  8    Spells: 4/4 levels left

rFire   + . .      SeeInvis .   Y - -1 hand axe (flame)
rCold   . . .      Faith    .   (no shield)
rNeg    . . .      Spirit   .   k - +0 leather armour
rPois   .          Reflect  +   (no helmet)
rElec   .          Harm     .   (no cloak)
rCorr   .          Rampage  .   (no gloves)
Will    .....                   j - +0 pair of boots
Stlth   +.........              c - amulet of reflection
HPRegen 0.09/turn               (no ring)
MPRegen 0.18/turn               (no ring)

@: no status effects
A: foul stench 1, magic regeneration
a: Renounce Religion, Fiery Armour, Foxfire Swarm, Rising Flame


You were on level 3 of the Dungeon.
You worshipped Ignis.
Ignis was extremely pleased with you.
You visited 1 branch of the dungeon, and saw 3 of its levels.

You collected 132 gold pieces.


Innate Abilities, Weirdness & Mutations

You may rarely emit foul miasma when damaged in melee.
You regenerate magic rapidly.


   Skills:
 - Level 3.0 Fighting
 + Level 4.2 Axes
 - Level 1.0 Dodging
 - Level 1.0 Spellcasting
 - Level 2.6 Fire Magic


You had 4 spell levels left.
You didn't know any spells.
Your spell library contained the following spells:

 Spells                   Type           Power      Damage    Failure   Level
 Scorch                   Fire           16%        2d6       16%         2

Inventory:

Hand Weapons
 Y - a -1 hand axe of flaming (weapon)
Armour
 j - a +0 pair of boots (worn)
 k - a +0 leather armour (worn)
Jewellery
 a - a ring of ice
 c - an amulet of reflection (around neck)
Potions
 e - a potion of heal wounds {unknown}
 f - a potion of lignification {unknown}
 h - a potion of attraction {unknown}
 i - a potion of curing {unknown}

Dungeon Overview and Level Annotations

Branches:
Dungeon (3/15)

Altars:


Message History

The worm is moderately wounded.
The worm closely misses you.
You barely miss the worm.
The worm is moderately wounded.
You hit the worm but do no damage.
The worm is moderately wounded.
The worm misses you.
You hit the worm but do no damage.
The worm is moderately wounded.
You block the worm's attack.
You hit the worm but do no damage.
The worm is lightly wounded.
You barely miss the worm.
The worm is lightly wounded.
The worm bites you.
You hit the worm. You burn the worm.
The worm is moderately wounded.
You hit the worm. You burn the worm.
The worm is severely wounded.
The worm barely misses you.
You slash the worm! You burn the worm.
You kill the worm!
Your life force feels restored.
You start resting.
HP restored.
Found 6 stones.
Found a scroll of noise.
An ogre comes into view. It is wielding a +0 giant club.
Found an encrusted ruby ring.
The ogre shouts!
Enter note: You see here 6 stones.
Found a dagger.
Found a faded altar of an unknown god.
You hit the ogre but do no damage. The ogre closely misses you.
You hit the ogre. You burn the ogre.
The ogre is lightly wounded.
The ogre hits you with a +0 giant club!!
Ouch! That really hurt!
You die...

# # #...# ._ #######
#...# ... ......#
#...# ##.. #####.#
#...# #... #.#
....##..###
#.#.#####.#.......
#.#.......#.?..# #.#
##..#.@#
#.#####...#.O#
#............#
############.?.?...#
........= .........#
....#+##### ...#.#
....#.#


You could see an ogre.

Vanquished Creatures
  An adder (D:2)
  5 worms
  4 ball pythons
  2 bats (D:1)
  3 endoplasms
  4 hobgoblins
  6 kobolds
  2 quokkas (D:1)
  A frilled lizard (D:1)
  7 goblins
  2 rats
37 creatures vanquished.

Notes
Turn   | Place    | Note
-------+----------+-------------------------------------------
     0 | D:1      | qw the Demonspawn Cinder Acolyte began the quest for the
                  | Orb.
     0 | D:1      | Reached XP level 1. HP: 18/18 MP: 2/2
     0 | D:1      | 0 ||| qw: Version: 0.1-a-113-g051387a
     0 | D:1      | 0 ||| qw: Game counter: 7393
     0 | D:1      | 0 ||| qw: Always use a shield: true
     0 | D:1      | 0 ||| qw: God list: Okawaru
     0 | D:1      | 0 ||| qw: Allow faded altars: false
     0 | D:1      | 0 ||| qw: Do Orc after D:15 true
     0 | D:1      | 0 ||| qw: Do second Lair branch before Depths: true
     0 | D:1      | 0 ||| qw: Lair rune preference: random
     0 | D:1      | 0 ||| qw: Plans: Normal
     0 | D:1      | 0 ||| PLANNING D:1-11
    64 | D:1      | Reached skill level 3 in Axes
   167 | D:1      | 167 ||| Stepping ~*~*~tactically~*~*~ (stealth).
   170 | D:1      | 170 ||| Stepping ~*~*~tactically~*~*~ (stealth).
   195 | D:1      | 195 ||| INVOKING Fiery Armour.
   351 | D:1      | 351 ||| Stepping ~*~*~tactically~*~*~ (stealth).
   353 | D:1      | 353 ||| Stepping ~*~*~tactically~*~*~ (stealth).
   364 | D:1      | Gained mutation: You may rarely emit foul miasma when
                  | damaged in melee. [demonic ancestry]
   364 | D:1      | Reached XP level 2. HP: 24/24 MP: 3/3
   365 | D:1      | 365 ||| Stepping ~*~*~tactically~*~*~ (stealth).
   460 | D:1      | 460 ||| Stepping ~*~*~tactically~*~*~ (stealth).
   662 | D:1      | 662 ||| Stepping ~*~*~tactically~*~*~ (stealth).
  1040 | D:1      | 1040 ||| READING scroll labelled BOSOVU HUUTH.
  1041 | D:1      | 1041 ||| READING scroll labelled HYGOM OHEYNUEN.
  1042 | D:1      | 1042 ||| READING scroll labelled LOYPSE FUSO.
  1043 | D:1      | 1043 ||| READING scroll labelled SINOHOMETO.
  1044 | D:1      | 1044 ||| READING scroll labelled ROUFAB PUAFOUPS.
  1191 | D:2      | Gained mutation: You regenerate magic rapidly. [demonic
                  | ancestry]
  1191 | D:2      | Reached XP level 3. HP: 16/29 MP: 4/4
  1361 | D:2      | 1361 ||| Stepping ~*~*~tactically~*~*~ (stealth).
  1363 | D:2      | 1363 ||| Stepping ~*~*~tactically~*~*~ (stealth).
  1365 | D:2      | 1365 ||| Stepping ~*~*~tactically~*~*~ (stealth).
  1372 | D:2      | 1372 ||| INVOKING Fiery Armour.
  1373 | D:2      | Reached skill level 4 in Axes
  1832 | D:2      | Reached skill level 1 in Dodging
  2263 | D:2      | 2263 ||| Stepping ~*~*~tactically~*~*~ (stealth).
  2265 | D:2      | 2265 ||| Stepping ~*~*~tactically~*~*~ (stealth).
  2266 | D:2      | 2266 ||| Stepping ~*~*~tactically~*~*~ (stealth).
  2360 | D:2      | 2360 ||| UPGRADING to +0 pair of boots.
  2365 | D:2      | 2365 ||| UPGRADING to +0 leather armour.
  2375 | D:2      | 2375 ||| DROPPING +0 robe.
  2376 | D:2      | 2376 ||| UPGRADING to amulet of reflection.
  2381 | D:2      | 2381 ||| READING scroll labelled RIHEYKUOBB.
  2382 | D:2      | 2382 ||| READING scroll labelled NUSESCH GURIFET.
  2383 | D:2      | 2383 ||| READING scroll labelled MOWAPS HARUI.
  2477 | D:3      | Noticed an ogre
  2481 | D:3      | Found a faded altar of an unknown god.
  2486 | D:3      | Slain by an ogre

Levels and vault maps discovered:
D:1:      dpeg_arrival_castle, layout_rooms
D:2:      layout_basic, kennysheep_doodads
D:3:      layout_basic, mainiacjoe_overflow_cross_hatched, lemuel_round_altar,
          ebering_ecumenical_altar_sacrificial, uniq_natasha,
          uniq_crazy_yiuf_cottage, uniq_jessica

Skill      XL: |  1  2  3 |
---------------+----------+-----
Axes           | 3 4 |  4.2
Dodging        | 1 |  1.0
Fighting       | |  3.0
Spellcasting   | |  1.0
Fire Magic     | |  2.6

Action                   || total
-------------------------++-------
Melee: Hand axe          ||   108
       Punch             ||     1
Invok: Fiery Armour      ||     2
  Use: Scroll            ||     8
Armor: Robe              ||    12
Dodge: Dodged            ||    38
Block: Other             ||     1

Table legend:
 A = Non-vault XP
 B = Vault XP
 C = Vault XP percentage of total XP
 D = Non-vault monster count
 E = Vault monster count
 F = Vault count percentage of total count
                 A         B        C        D         E       F
            +---------+---------+-------+---------+---------+-------
      Total |      89 |       0 |   0.0 |      37 |       0 |   0.0
            +---------+---------+-------+---------+---------+-------
        D:1 |      34 |       0 |   0.0 |      21 |       0 |   0.0
        D:2 |      50 |       0 |   0.0 |      15 |       0 |   0.0
        D:3 |       5 |       0 |   0.0 |       1 |       0 |   0.0
            +---------+---------+-------+---------+---------+-------
